 Dungeon Crawl Stone Soup version 0.17.0-18-gaab0e96 (webtiles) character file.

100 HaroldButt the Conjurer (level 4, 0/24 HPs)
             Began as a Deep Elf Conjurer on Nov 11, 2015.
             Succumbed to a killer bee's poison
             ... on level 3 of the Dungeon.
             The game lasted 00:05:18 (1280 turns).

HaroldButt the Conjurer (Deep Elf Conjurer)         Turns: 1280, Time: 00:05:18

Health: 0/24       AC:  2    Str:  5    XL:     4   Next: 46%
Magic:  4/12       EV: 13    Int: 21    God:
Gold:   28         SH:  0    Dex: 15    Spells: 2 memorised, 9 levels left

rFire  + . .     SeeInvis .     m - +0 short sword
rCold  + . .     Clarity  .     a - +0 robe
rNeg   . . .     SustAt   .     (no shield)
rPois  +         Gourm    .     (no helmet)
rElec  +         Spirit   .     (no cloak)
rCorr  +         Warding  .     (no gloves)
rMut   .         Stasis   .     (no boots)
MR     .....                    (no amulet)
Stlth  ++........               (no ring)
                                (no ring)

@: lethally poisoned (0 -> -14), resistant, not resistant to hostile
enchantments, unstealthy
A: no striking features
a: no special abilities


You were on level 3 of the Dungeon.
You were not hungry.

You visited 1 branch of the dungeon, and saw 3 of its levels.

You collected 28 gold pieces.

Inventory:

Hand Weapons
 m - a +0 short sword (weapon)
Missiles
 k - 33 stones (quivered)
Armour
 a - a +0 robe (worn)
Wands
 o - a wand of random effects (13)
Scrolls
 e - 5 scrolls of identify {unknown}
 f - 2 scrolls of remove curse {unknown}
 j - a scroll of random uselessness {unknown}
Potions
 g - a potion of lignification {unknown}
 h - a potion of brilliance {unknown}
 i - a potion of cancellation {unknown}
 l - a potion of curing {unknown}
Books
 b - a book of Conjurations

   Spells                             Type                      Level
   a - Magic Dart                     Conjuration                  1
   b - Searing Ray                    Conjuration                  2
   c - Dazzling Spray                 Conjuration/Hexes            3
   d - Fulminant Prism                Conjuration/Hexes            4
   e - Iskenderun's Mystic Blast      Conjuration                  4
   f - Iskenderun's Battlesphere      Conjuration/Charms           5
Comestibles
 c - 2 bread rations
 n - 2 chunks of flesh


   Skills:
 - Level 2.4 Dodging
 - Level 2.4 Stealth
 + Level 4.5 Spellcasting
 * Level 5.8 Conjurations


You had 9 spell levels left.
You knew the following spells:

 Your Spells              Type           Power        Failure   Level  Hunger
a - Magic Dart            Conj           ####         1%          1    None
b - Searing Ray           Conj           ####..       1%          2    #......


Dungeon Overview and Level Annotations

Branches:
Dungeon (3/15)

Altars:
Okawaru
Xom

Annotations:
D:2 Sigmund


Message History

The killer bee poisons you!
The searing ray hits the killer bee.
The killer bee is heavily wounded.
* * * LOW HITPOINT WARNING * * *
You feel sick. The killer bee completely misses you.
The killer bee completely misses you.
Casting: Searing Ray
Confirm with . or Enter, or press ? or * to list all spells.
Aiming: Magic Dart
Press: ? - help, Shift-Dir - straight line, f - killer bee
Aim: a killer bee (heavily wounded)
The magic dart hits the killer bee.
The killer bee is severely wounded.
* * * LOW HITPOINT WARNING * * *
You feel sick. The killer bee completely misses you. The killer bee stings you.
* * * LOW HITPOINT WARNING * * *
Drink which item? (? for menu, Esc to quit)
It was a potion of resistance.
You feel protected.
You die...

#...._....#
#.♣.♣.♣.♣.#
#.........# ####
#.#.♣.♣.#.#### ..#
####............#
#.#
##..).....#.####.#
##.###..########.#
........# #y#
##.###.## #@# ##.#
...# #......#
...##...# ###.####
#####...# .# #...#
. #...# .. ..# #.
.#


You could see a killer bee.

Vanquished Creatures
  A killer bee (D:3)
  An ooze (D:1)
  A worm (D:2)
  3 giant geckos
  6 bats (D:1)
  A giant cockroach (D:1)
  6 goblins (D:1)
  7 hobgoblins (D:1)
  9 kobolds
  A quokka (D:2)
  A ball python (D:1)
  3 giant newts (D:1)
  3 rats
  A butterfly (D:2)
44 creatures vanquished.

Notes
Turn   | Place    | Note
--------------------------------------------------------------
     0 | D:1      | HaroldButt the Deep Elf Conjurer began the quest for the Orb.
     0 | D:1      | Reached XP level 1. HP: 10/10 MP: 6/6
   100 | D:1      | Reached XP level 2. HP: 15/15 MP: 6/8
   111 | D:1      | Learned a level 2 spell: Searing Ray
   265 | D:1      | Reached skill level 5 in Conjurations
   401 | D:1      | Reached XP level 3. HP: 19/19 MP: 8/10
  1018 | D:2      | Found a shimmering altar of Xom.
  1057 | D:2      | Noticed Sigmund
  1253 | D:3      | Found an iron altar of Okawaru.
  1277 | D:3      | Reached XP level 4. HP: 10/24 MP: 7/12
  1279 | D:3      | HP: 1/24 [killer bee (3)]
  1280 | D:3      | Succumbed to a killer bee's poison

Action                   |  1- 3 |  4- 6 || total
-------------------------+-------+-------++-------
Melee: Unarmed           |     1 |       ||     1
       Short sword       |     1 |       ||     1
 Cast: Magic Dart        |    72 |     1 ||    73
       Searing Ray       |     2 |       ||     2
  Use: Potion            |       |     1 ||     1
  Eat: Chunk             |     1 |       ||     1
